 Dungeon Crawl Stone Soup version 0.21.1-1-g345015f (webtiles) character file.

111 Raikon the Charmwright (level 4, -3/33 HPs)
             Began as a Merfolk Skald on May 18, 2018.
             Slain by an orc priest
             ... wielding a +1 flail of crushing
              (6 damage)
             ... on level 3 of the Dungeon.
             The game lasted 00:07:31 (2989 turns).

Raikon the Charmwright (Merfolk Skald)              Turns: 2989, Time: 00:07:31

Health: -3/33      AC:  3    Str: 11    XL:     4   Next: 92%
Magic:  5/7        EV: 12    Int: 13    God:
Gold:   97         SH:  0    Dex: 13    Spells: 3/7 levels left

rFire    . . .     SeeInvis .   a - +1 spear
rCold    . . .     Gourm    .   (no shield)
rNeg     . . .     Faith    .   b - +0 leather armour
rPois    .         Spirit   .   (no helmet)
rElec    .         Reflect  .   (no cloak)
rCorr    .         Harm     .   (no gloves)
MR       .....                  (no boots)
Stlth    +.........             (no amulet)
HPRegen  0.11/turn              (no ring)
MPRegen  0.10/turn              (no ring)

@: infused
A: change form in water, swift swim, stealthy swim
a: no special abilities


You were on level 3 of the Dungeon.
You were not hungry.

You visited 1 branch of the dungeon, and saw 4 of its levels.

You collected 97 gold pieces.

Inventory:

Hand Weapons
 a - a +1 spear (weapon)
Armour
 b - a +0 leather armour (worn)
Jewellery
 e - an uncursed ring of protection from magic {unknown}
 j - an uncursed ring of flight {unknown}
 m - a cursed amulet of inaccuracy {unknown}
Wands
 k - a wand of disintegration (15)
Scrolls
 g - a scroll of amnesia {unknown}
 h - 4 scrolls of identify {unknown}
Potions
 f - a potion of flight
 i - a potion of agility {unknown}
 l - a potion of resistance {unknown}
 n - a potion of brilliance {unknown}
Books
 c - a book of Battle

   Spells                             Type                      Level
   a - Infusion                       Charms                       1
   b - Shroud of Golubria             Charms/Translocation         2
   c - Song of Slaying                Charms                       2
   d - Spectral Weapon                Hexes/Charms                 3
   e - Regeneration                   Charms/Necromancy            3
Comestibles
 d - 4 rations


   Skills:
 - Level 2.1 Fighting
 + Level 4.7 Polearms
 - Level 0.6 Armour
 - Level 2.6 Dodging
 - Level 2.0 Spellcasting
 * Level 5.2 Charms


You had 3 spell levels left.
You knew the following spells:

 Your Spells              Type           Power        Failure   Level  Hunger
a - Infusion              Chrm           ###.         3%          1    ##.....
b - Spectral Weapon       Hex/Chrm       #.......     34%         3    ####...


Dungeon Overview and Level Annotations

Branches:
Dungeon (4/15)
 Temple: D:4-7

Altars:
Elyvilon
Hepliaklqana
Sif Muna


Message History

You hit the orc!
You kill the orc!
Items here: ))) [[ รท There isn't anything to butcher here.
There is a stone staircase leading up, spattered with blood here.
You can't go down here!
You climb upwards.
The orc hits you with a flail! The orc barely misses you.
There is a stone staircase leading down, spattered with blood here.
You barely miss the orc priest.
The orc priest hits you with a flail of crushing.
You closely miss the orc priest. The orc hits you with a flail.
You hit the orc priest.
The orc priest is lightly wounded.
The orc priest mumbles some strange prayers to Beogh against you.
Pain shoots through your body!
* * * LOW HITPOINT WARNING * * *
The orc hits you with a flail.
* * * LOW HITPOINT WARNING * * *
The orc priest hits you with a flail of crushing.
You die...

. #. ... ## .##. ...
......##.# .. .##..
#..#.####... ....
#.#.#.).... .
#..###.....# ..
..####.........##....
.......#.o...........
<......o@......##(...
..........###..5....
........#..##....$.#
........##.#...#...#
>.......##...<.#...#
.....................
.......##....#....$..
.......#..#..#.....##
...###...#.........#


You could see Grinder (wandering), an orc priest and an orc.

Vanquished Creatures
  An iguana (D:4)
  3 adders
  2 worms
  2 dart slugs
  A leopard gecko (D:1)
  2 orcs (D:4)
  A ball python (D:1)
  5 giant cockroaches
  7 goblins
  5 hobgoblins
  6 kobolds
  6 bats
  3 frilled lizards
  3 rats
47 creatures vanquished.

Vanquished Creatures (others)
  A spectral weapon (D:4)
1 creature vanquished.

Grand Total: 48 creatures vanquished

Notes
Turn   | Place    | Note
-------+----------+-------------------------------------------
     0 | D:1      | Raikon the Merfolk Skald began the quest for the Orb.
     0 | D:1      | Reached XP level 1. HP: 16/16 MP: 3/3
   350 | D:1      | Reached XP level 2. HP: 22/22 MP: 0/5
   652 | D:1      | Reached skill level 4 in Charms
  1107 | D:1      | Reached XP level 3. HP: 23/27 MP: 6/6
  1675 | D:2      | Found a white marble altar of Elyvilon.
  1675 | D:2      | Found a deep blue altar of Sif Muna.
  1675 | D:2      | Found a hazy altar of Hepliaklqana.
  2432 | D:3      | Learned a level 3 spell: Spectral Weapon
  2439 | D:3      | Reached XP level 4. HP: 29/33 MP: 2/7
  2636 | D:4      | Reached skill level 5 in Charms
  2989 | D:3      | Slain by an orc priest

Skill      XL: |  1  2  3  4 |
---------------+-------------+-----
Charms         | 4 5 |  5.2
Polearms       | 4 |  4.7
Fighting       | |  2.1
Armour         | |  0.6
Dodging        | |  2.6
Spellcasting   | |  2.0

Action                   |  1- 3 |  4- 6 || total
-------------------------+-------+-------++-------
Melee: Spear             |   103 |    49 ||   152
 Cast: Infusion          |    15 |     5 ||    20
       Spectral Weapon   |       |     1 ||     1
  Use: Scroll            |     1 |       ||     1
       Potion            |     2 |       ||     2
 Stab: Sleeping          |     1 |       ||     1
  Eat: Chunk             |     2 |     1 ||     3
       Ration            |     1 |     1 ||     2
Armor: Leather armour    |    18 |    24 ||    42
Dodge: Dodged            |    44 |    45 ||    89
